Map: Nightscape LE

Players

Fresh - Winner!

  • Race: Zerg Zerg
  • Spawn Location: 1:00

Doubt - Winner!

  • Race: Zerg Zerg
  • Spawn Location: 1:00

PincheCabron

  • Race: Zerg Zerg
  • League: Platinum
  • Spawn Location: 7:00

regenttennis

  • Race: Protoss Protoss
  • League: Diamond
  • Spawn Location: 7:00

VOD

Have the link to the VOD?

Description

Somehow resources came out to like 14 mutalisks first batch

Time

  • Played on: Sept. 12, 2020, 10:41 p.m.
  • Length: 7:41
Show
View Real Time Build Order
Export as new Build Order

Fresh Zerg - Winner!

Build Orders: Hatch First, Zergling Baneling 

Get SALT Encoding   

  12  0:00  Drone  
  13  0:08  Drone  
  14  0:14  Extractor  
  14  0:16  Drone  
  15  0:22  Overlord  
  15  0:40  Drone x2  
  17  0:43  Drone  
  18  1:03  Hatchery  
  17  1:04  Drone  
  17  1:05  Drone  
  17  1:08  Extractor  
  18  1:18  Drone  
  19  1:27  Spawning Pool  
  19  1:30  Drone  
  19  2:00  Hatchery  
  18  2:02  Evolution Chamber  
  18  2:04  Drone x3  
  21  2:15  Overlord  
  21  2:16  Overlord  
  21  2:20  Metabolic Boost  
  21  2:25  Queen  
  23  2:36  Queen  
  23  2:38  Drone  
  23  2:41  Drone  
  23  2:44  Drone  
  28  2:46  Drone  
  29  2:55  Baneling Nest  
  28  3:02  Drone x2  
  28  3:03  Drone  
  31  3:06  Zergling x2  
  31  3:09  Zergling x2  
  31  3:12  Zergling x2  
  34  3:19  Zergling x2  
  35  3:20  Zergling x2  
  36  3:30  Zergling x2  
  36  3:31  Extractor, Zergling x2  
  37  3:39  Zergling x4  
  37  3:40  Zergling x2  
  41  3:41  Zergling x2  
  41  3:45  Zergling x6  
  44  3:48  Overlord  
  44  3:51  Baneling x3  
  44  3:52  Baneling  
  44  3:55  Baneling x2  
  44  3:57  Baneling x2  
  44  4:03  Overlord  
  30  4:39  Zergling x12  
  30  4:40  Zergling x10  
  30  4:43  Spore Crawler  
  40  4:45  Spine Crawler, Spore Crawler  
  38  4:54  Zergling x4  
  38  4:59  Hatchery  
  39  5:01  Drone  
  39  5:04  Baneling  
  40  5:17  Baneling x6  
  40  5:18  Baneling x2  
  40  5:20  Baneling, Drone x3  
  40  5:21  Drone x2  
  45  5:22  Drone  
  43  5:40  Baneling  
  43  5:41  Baneling  
  34  6:05  Zergling x2  
  34  6:06  Zergling x12  
  34  6:07  Zergling x10  
  45  6:13  Zergling x2  
  45  6:14  Zergling x2  
  45  6:15  Zergling x2  
  45  6:16  Lair  
  48  6:19  Drone  
  48  6:24  Evolution Chamber x2, Drone x3  
  50  6:26  Drone  
  50  6:30  Drone  
  50  6:32  Drone  
  53  6:41  Baneling  
  53  6:42  Baneling x6  
  53  6:43  Baneling x2  
  53  6:44  Baneling x2  
  53  6:45  Baneling  
  38  7:36  Spine Crawler  
  57  7:38  Spine Crawler  
Show
View Real Time Build Order
Export as new Build Order

Doubt Zerg - Winner!

Build Orders: Hatch First 

Get SALT Encoding   

  12  0:01  Drone  
  13  0:13  Overlord  
  13  0:17  Drone  
  14  0:31  Drone x2  
  14  0:35  Drone  
  17  0:53  Hatchery  
  17  0:56  Drone  
  17  1:04  Extractor  
  17  1:08  Drone  
  17  1:18  Spawning Pool  
  16  1:19  Drone  
  16  1:21  Drone  
  19  1:32  Drone  
  19  1:41  Drone  
  20  1:50  Drone  
  21  2:01  Overlord  
  21  2:07  Queen  
  23  2:08  Queen  
  23  2:10  Zergling x2  
  23  2:14  Zergling x2  
  27  2:18  Metabolic Boost  
  27  2:33  Drone  
  27  2:34  Drone x3  
  31  2:54  Drone x3  
  34  3:02  Extractor  
  33  3:13  Queen, Hatchery  
  33  3:15  Drone x2  
  33  3:18  Overlord  
  36  3:39  Extractor  
  36  3:40  Spore Crawler  
  34  3:42  Spore Crawler  
  34  3:47  Drone x2  
  34  3:48  Drone x2  
  37  3:52  Lair  
  37  4:11  Drone x2  
  37  4:12  Drone x3  
  37  4:14  Overlord  
  42  4:34  Queen  
  42  4:35  Drone  
  42  4:36  Drone x4  
  49  4:39  Overlord  
  49  4:46  Extractor  
  48  4:54  Extractor  
  48  4:57  Drone x2  
  48  4:58  Extractor, Drone  
  48  4:59  Overlord  
  49  5:07  Spire, Drone x3  
  51  5:10  Drone x3  
  51  5:11  Drone x2  
  56  5:15  Drone x3  
  59  5:22  Drone x3  
  59  5:23  Drone  
  59  5:25  Drone  
  64  5:39  Drone  
  65  5:55  Overseer  
  65  6:02  Drone x2  
  65  6:03  Overlord x2  
  67  6:23  Mutalisk x6  
  67  6:24  Mutalisk x5  
  89  6:27  Overlord  
  89  6:39  Hatchery  
  88  6:43  Spore Crawler  
  87  6:57  Mutalisk x5  
  87  6:59  Overlord  
  97  7:03  Overlord x2  
  97  7:25  Hatchery  
Show
View Real Time Build Order
Export as new Build Order

PincheCabron Zerg 

Build Orders: Hatch First 

Get SALT Encoding   

  12  0:07  Drone  
  13  0:12  Overlord  
  13  0:19  Drone  
  14  0:30  Drone x2  
  16  0:39  Drone  
  17  0:55  Hatchery  
  16  0:59  Drone  
  16  1:03  Drone  
  18  1:06  Extractor  
  17  1:12  Drone  
  17  1:18  Spawning Pool  
  17  1:31  Drone  
  18  1:39  Drone  
  19  1:46  Overlord  
  19  1:55  Drone  
  20  2:06  Queen  
  20  2:07  Queen  
  20  2:08  Zergling x4  
  26  2:17  Spine Crawler  
  26  2:19  Spine Crawler  
  24  2:25  Metabolic Boost  
  24  2:37  Drone x3  
  27  2:59  Overlord  
  27  3:00  Drone  
  27  3:01  Drone x4  
  32  3:12  Drone x2  
  34  3:30  Baneling Nest, Hatchery  
  32  3:46  Zergling x8  
  32  3:47  Drone  
  32  3:48  Drone x3  
  40  3:57  Roach Warren, Lair  
  39  4:08  Zergling x8  
  39  4:09  Zergling x2  
  44  4:17  Baneling x4  
  44  4:25  Zergling x2  
  44  4:27  Overlord  
  44  4:28  Overlord  
  42  4:42  Baneling x3  
  42  4:45  Drone  
  43  4:46  Drone x9  
  43  4:50  Queen, Extractor  
  53  4:55  Overseer  
  53  5:03  Drone  
  53  5:04  Extractor x2, Drone x2  
  53  5:06  Drone x3  
  57  5:28  Overlord  
  57  5:29  Overlord  
  57  5:31  Overlord  
  57  5:41  Zergling x4  
  57  5:42  Zergling x2  
  58  5:47  Zergling x6  
  58  5:48  Zergling x6  
  62  5:50  Zergling x2  
  60  5:58  Zergling x2  
  60  6:07  Glial Reconstitution  
  61  6:11  Drone x3  
  61  6:15  Drone x3  
  66  6:23  Drone  
  66  6:24  Drone x3  
  70  6:26  Extractor  
  70  6:30  Evolution Chamber  
  70  6:31  Evolution Chamber  
  70  6:32  Hydralisk Den  
  66  6:36  Baneling x3  
  66  6:37  Baneling x8  
  66  6:39  Zergling x2  
  67  6:40  Zergling x12  
  73  6:57  Drone x6  
  73  6:58  Drone x2  
  81  7:11  Overlord x4  
  77  7:30  Spore Crawler  
  77  7:32  Spore Crawler  
  77  7:33  Spore Crawler  
  77  7:34  Spore Crawler  
  77  7:36  Spore Crawler x3  
Show
View Real Time Build Order
Export as new Build Order

regenttennis Protoss 

Build Orders:  

Get SALT Encoding   

  12  0:00  Probe  
  13  0:12  Probe  
  14  0:19  Pylon  
  14  0:25  Probe  
  15  0:38  Probe (Chrono Boost)  
  15  0:40  Gateway  
  16  0:46  Probe (Chrono Boost)  
  16  0:49  Assimilator  
  17  0:56  Probe  
  18  1:08  Probe  
  19  1:20  Probe  
  20  1:27  Cybernetics Core  
  20  1:33  Pylon, Probe  
  21  1:45  Probe  
  22  1:58  Probe  
  23  2:02  Stalker (Chrono Boost)  
  25  2:10  Probe  
  25  2:11  Pylon  
  26  2:18  Warp Gate  
  26  2:22  Probe  
  27  2:23  Gateway  
  27  2:34  Probe  
  30  2:37  Pylon  
  30  2:40  Stalker  
  30  2:46  Probe  
  30  2:50  Assimilator  
  32  2:58  Probe  
  32  3:02  Nexus  
  31  3:10  Probe  
  31  3:12  Sentry  
  34  3:14  Gateway  
  34  3:22  Probe  
  35  3:27  Twilight Council  
  35  3:32  Twilight Council  
  35  3:34  Probe  
  35  3:36  Pylon  
  36  3:46  Shield Battery, Probe  
  36  3:48  Shield Battery  
  39  3:59  Probe  
  38  4:11  Probe  
  39  4:17  Sentry  
  39  4:23  Probe  
  39  4:27  Zealot x2  
  39  4:28  Probe  
  38  4:35  Probe  
  39  4:40  Probe  
  39  4:43  Assimilator  
  39  4:45  Stalker  
  42  4:47  Probe  
  42  4:50  Assimilator  
  43  4:53  Probe  
  43  4:59  Probe  
  45  5:05  Probe  
  45  5:07  Shield Battery  
  46  5:08  Sentry  
  46  5:11  Probe  
  49  5:15  Charge  
  49  5:17  Probe  
  49  5:20  Pylon  
  50  5:22  Pylon  
  50  5:23  Probe  
  51  5:29  Probe  
  51  5:31  Pylon  
  51  5:33  Gateway  
  51  5:35  Gateway  
  52  5:38  Probe  
  52  5:41  Probe  
  46  5:50  Probe  
  46  5:53  Probe  
  38  6:02  Probe  
  32  6:05  Probe  
  32  6:08  Pylon  
  32  6:10  Shield Battery  
  33  6:14  Probe  
  33  6:17  Probe  
  35  6:23  Pylon  
  35  6:26  Probe  
  35  6:29  Probe  
  37  6:36  Sentry x2  
  37  6:37  Sentry  
  37  6:38  Probe  
  44  6:41  Probe  
  45  6:50  Probe  
  45  6:54  Probe  
  47  7:00  Stalker  
  49  7:03  Probe  
  49  7:06  Probe  
  51  7:09  Stalker  
  51  7:15  Probe  
  54  7:18  Probe  
  54  7:19  Pylon  
  55  7:23  Stalker x2  
  55  7:27  Probe  
Tags
 
Add a new tag
Caveats
  • Supply blocks, unpowered buildings, or Contaminate may cause inaccurate times.
  • Supply counts are checked every 10 seconds.